 Dungeon Crawl Stone Soup version 0.19.0-11-g3fc08b3 (webtiles) character file.

36426 qqqbard the Bludgeoner (level 13, -8/116 HPs)
             Began as a Minotaur Fighter on Nov 8, 2016.
             Was a High Priest of the Shining One.
             Mangled by a hill giant
             ... wielding a +0 giant club
              (38 damage)
             ... on level 12 of the Dungeon.
             The game lasted 00:28:47 (13619 turns).

qqqbard the Bludgeoner (Minotaur Fighter)          Turns: 13619, Time: 00:28:48

Health: -8/116     AC: 17    Str: 24    XL:     13   Next: 52%
Magic:  17/17      EV: 14    Int:  1    God:    the Shining One [*****.]
Gold:   1177       SH: 15    Dex: 22    Spells: 0 memorised, 12 levels left

rFire  . . .     SeeInvis .     a - +1 flail
rCold  + . .     Gourm    .     i - +0 plate armour
rNeg   + + .     Faith    .     c - +1 shield
rPois  .         Spirit   .     (helmet restricted)
rElec  .         Reflect  .     F - +1 cloak {rC+}
rCorr  .         Harm     .     (no gloves)
MR     .....                    (no boots)
Stlth  ..........               U - amulet of regeneration
                                C - +6 ring of dexterity
                                R - ring of the Will of the Gods {Int-4 Dex+4 Stlth+}

@: glowing
A: retaliatory headbutt, horns 2
a: Divine Shield, Cleansing Flame, Summon Divine Warrior, Renounce Religion


You were on level 12 of the Dungeon.
You worshipped the Shining One.
The Shining One was extremely pleased with you.
You were hungry.

You visited 2 branches of the dungeon, and saw 14 of its levels.
You also visited: Bailey and Ice Cave.

You collected 1243 gold pieces.
You donated 66 gold pieces to Zin.

Inventory:

Hand Weapons
 a - a +1 flail (weapon)
 X - a +0 great mace
Missiles
 w - 45 tomahawks of returning (quivered)
Armour
 c - a +1 shield (worn)
 i - a +0 plate armour (worn)
 F - a +1 cloak of cold resistance (worn)
Jewellery
 k - an uncursed ring of flight
 s - an uncursed ring of protection from fire
 y - an uncursed ring of fire
 C - a +6 ring of dexterity (right hand)
 I - an uncursed amulet of the gourmand
 O - a +3 ring of strength
 R - the ring of the Will of the Gods (left hand) {Int-4 Dex+4 Stlth+}
   (You found it on level 12 of the Dungeon)

   [ring of stealth]

   It affects your intelligence (-4).
   It affects your dexterity (+4).
   It makes you more stealthy.
 U - an amulet of regeneration (around neck)
Wands
 l - a wand of paralysis (9/24)
 G - a wand of lightning (9/15)
 P - a wand of flame (20/48)
 T - a wand of digging (11/24)
 Z - a wand of paralysis (4/24)
Scrolls
 b - 2 scrolls of blinking {unknown}
 g - 3 scrolls of enchant weapon
 m - 4 scrolls of amnesia
 n - a scroll of vulnerability {unknown}
 u - a scroll of enchant armour
 J - 3 scrolls of teleportation
 K - a scroll of fear
 L - 2 scrolls of recharging {unknown}
 M - a scroll of immolation {unknown}
 N - a scroll of remove curse
 S - 3 scrolls of random uselessness {unknown}
Potions
 d - 2 potions of might
 e - 2 potions of lignification
 o - 2 potions of haste
 p - 2 potions of mutation
 q - 2 potions of resistance
 t - a potion of heal wounds
 v - 5 potions of curing
 x - 4 potions of agility
 z - 3 potions of flight
 A - a potion of beneficial mutation {unknown}
 D - 2 potions of berserk rage
 V - a potion of ambrosia {unknown}
Comestibles
 f - 5 bread rations
 h - 6 meat rations
 j - 10 chunks of flesh
 B - 2 beef jerkies
 E - a slice of pizza
 H - 26 fruits


   Skills:
 + Level 11.5 Fighting
 * Level 15.2 Maces & Flails
 + Level 11.3 Armour
 + Level 10.2 Dodging
 + Level 11.5 Shields
 * Level 6.7 Invocations


You had 12 spell levels left.
You didn't know any spells.

Dungeon Overview and Level Annotations

Branches:
Dungeon (13/15)            Temple (1/1) D:7            Lair (0/6) D:8
    Orc (0/2) D:10         Vaults (0/5) D:13

Altars:
Fedhas
Hepliaklqana
Kikubaaqudgha
Nemelex Xobeh
Okawaru
Qazlal
Trog
Vehumet
Zin
The Shining One

Annotations:
D:6 2 runed doors


Innate Abilities, Weirdness & Mutations

You reflexively headbutt those who attack you in melee.
You have a pair of horns on your head.


Message History

You can't go down here!
(D) Dungeon (T) Temple (L) Lair (O) Orcish Mines (V) Vaults
Where to? (Enter - D:13, ? - help) Restoring view layers.
There is a stone staircase leading down, spattered with blood here.
You climb downwards.
You block the vault guard's attack. The hill giant barely misses you.
You furiously retaliate!
You headbutt the hill giant.
The vault guard hits you with a great mace!!
* * * LOW HITPOINT WARNING * * *
There is a stone staircase leading up, spattered with blood here.
You block the bullfrog's attack. You block the hill giant's attack.
The orc wizard casts a spell.
The orc wizard flickers and vanishes for a moment.
You climb upwards.
There is a stone staircase leading down, spattered with blood here.
The vault guard closely misses you.
The hill giant hits you with a giant club!!!
You die...

# #..######..#.........#....# #
#..........#.........#....# #
#..........'.........'....#
#####..........#.........#....#
...............#.........#....#
....<..........#...>.....#....#
...............#.........#....###
......###+###..###########.......
......#.....#...@F...............
......#.....#...Cp[..............
......#.....#....................
##'#..'.....#....>.......#######'
...#..#######............#.......
...#.....................#.......
...#.######'#............#.......
...#.#......#............#.......
...#.#....รท.#............#.......


You could see a vault guard, a hill giant and a bullfrog.

Vanquished Creatures
  A frost giant (IceCv)
  A fire dragon (D:12)
  The ghost of RepHenryClay the Cleaver, a journeyman DDMo of Makhleb (IceCv)
  A hydra (D:12)
  3 vault guards
  A ghost crab (shapeshifter) (D:12)
  A death yak (D:8)
  2 deep troll earth magi (D:12)
  4 hill giants
  3 unseen horrors (D:12)
  A deep elf mage (D:12)
  2 ugly things
  3 cyclopes
  An elephant (D:8)
  2 ice statues (IceCv)
  A gargoyle (D:11)
  4 kobold demonologists (D:11)
  3 trolls (D:12)
  Prince Ribbit (D:8)
  14 polar bears (IceCv)
  A hornet (D:9)
  A two-headed ogre (D:11)
  12 slime creatures (D:12)
  5 hippogriffs
  2 wraiths (D:12)
  2 wyverns (D:8)
  26 yaks
  A hungry ghost (D:12)
  A vampire mosquito (D:12)
  A mottled dragon (D:12)
  Duvessa (D:4)
  4 ice beasts
  9 orc warriors
  5 sky beasts
  A phantom (D:7)
  A black bear (D:12)
  A necrophage (D:12)
  11 ogres
  8 centaurs
  4 wolves (IceCv)
  4 crocodiles
  5 big kobolds
  13 bullfrogs
  Dowan (D:4)
  4 scorpions
  5 killer bees (D:11)
  4 howler monkeys
  9 wights
  5 crimson imps
  A centaur zombie (D:10)
  A bullfrog zombie (D:12)
  3 jellies
  A quasit (D:8)
  2 centaur skeletons
  4 hounds
  A bullfrog skeleton (D:12)
  8 orc priests
  Jessica (D:2)
  7 iguanas
  7 orc wizards
  13 worker ants
  A hound zombie (D:7)
  A hound skeleton (D:11)
  2 worker ant zombies
  10 adders
  A gnoll (Bailey)
  5 shadow imps
  An ooze (D:2)
  An adder zombie (D:8)
  4 adder skeletons
  3 worms
  4 dart slugs
  10 leopard geckos
  35 orcs
  6 giant cockroaches
  6 goblins
  15 hobgoblins
  9 jackals
  5 quokkas
  3 ball pythons
  8 bats
  7 frilled lizards
  33 kobolds
  A quokka skeleton (D:5)
  8 rats
425 creatures vanquished.

Notes
Turn   | Place    | Note
-------+----------+-------------------------------------------
     0 | D:1      | qqqbard the Minotaur Fighter began the quest for the Orb.
     0 | D:1      | Reached XP level 1. HP: 19/19 MP: 0/0
    87 | D:1      | Reached XP level 2. HP: 17/27 MP: 1/1
   105 | D:1      | Found a sparkling altar of Nemelex Xobeh.
   181 | D:1      | Reached skill level 1 in Dodging
   400 | D:1      | Reached skill level 3 in Maces & Flails
   400 | D:1      | Reached XP level 3. HP: 21/33 MP: 2/2
   784 | D:2      | Reached XP level 4. HP: 35/40 MP: 3/3
   940 | D:2      | Noticed Jessica
   952 | D:2      | Killed Jessica
  1426 | D:3      | Reached XP level 5. HP: 46/46 MP: 4/4
  1431 | D:3      | Reached skill level 4 in Maces & Flails
  1812 | D:3      | Found a hazy altar of Hepliaklqana.
  1921 | D:3      | Reached skill level 5 in Shields
  2264 | D:4      | Noticed Dowan
  2265 | D:4      | Noticed Duvessa
  2275 | D:4      | Killed Duvessa
  2275 | D:4      | Reached XP level 6. HP: 45/53 MP: 5/5
  2294 | D:4      | Killed Dowan
  2452 | D:4      | Reached skill level 5 in Fighting
  2452 | D:4      | Reached skill level 5 in Maces & Flails
  2466 | D:4      | Reached skill level 5 in Armour
  2481 | D:4      | Reached XP level 7. HP: 50/61 MP: 6/6
  2873 | D:3      | Found a blossoming altar of Fedhas.
  2873 | D:3      | Found a radiant altar of Vehumet.
  2911 | D:5      | Entered Level 5 of the Dungeon
  3021 | D:5      | Found an iron altar of Okawaru.
  3074 | D:5      | Reached skill level 6 in Maces & Flails
  3116 | D:5      | Found a faded altar of an unknown god.
  3116 | D:5      | Found a faded altar of an unknown god.
  3121 | D:5      | Found a faded altar of an unknown god.
  3135 | D:5      | Found a faded altar of an unknown god.
  3137 | D:5      | Found a glowing silver altar of Zin.
  3306 | D:5      | Became a worshipper of Zin the Law-Giver
  3306 | D:5      | Reached * piety under Zin
  3767 | D:6      | Reached ** piety under Zin
  3814 | D:6      | Found a runed door.
  3835 | D:6      | Found a runed door.
  4017 | D:6      | Reached XP level 8. HP: 69/69 MP: 7/7
  4132 | D:6      | Reached skill level 7 in Maces & Flails
  4865 | D:7      | Found a flagged portal.
  4874 | Bailey   | Entered a bailey
  5078 | Bailey   | Reached skill level 5 in Dodging
  5277 | Bailey   | Reached skill level 8 in Maces & Flails
  5283 | Bailey   | Reached XP level 9. HP: 4/78 MP: 8/8
  5675 | Bailey   | Got a bone double sword {flame}
  5676 | Bailey   | Identified the cursed +3 double sword "Kaamn" {flame, rElec Int+3 Dex+2} (You took it off an orc in a bailey)
  5707 | Bailey   | Reached *** piety under Zin
  5707 | Bailey   | Reached **** piety under Zin
  5812 | D:7      | Reached ***** piety under Zin
  5838 | D:7      | Found a staircase to the Ecumenical Temple.
  5845 | Temple   | Entered the Ecumenical Temple
  5907 | Temple   | Fell from the grace of Zin
  5907 | Temple   | Became a worshipper of the Shining One
  5907 | Temple   | Reached * piety under the Shining One
  5907 | Temple   | Reached ** piety under the Shining One
  6337 | D:7      | Reached skill level 9 in Maces & Flails
  6637 | D:7      | Found a sparkling altar of Nemelex Xobeh.
  7262 | D:8      | Reached skill level 10 in Maces & Flails
  7338 | D:8      | Reached XP level 10. HP: 84/88 MP: 9/9
  7380 | D:8      | Reached *** piety under the Shining One
  7412 | D:8      | Found a staircase to the Lair.
  7412 | D:8      | Noticed an elephant
  7413 | D:8      | Noticed a death yak
  7443 | D:8      | Killed a death yak
  7453 | D:8      | Killed an elephant
  7820 | D:8      | Noticed Prince Ribbit
  7838 | D:8      | Killed Prince Ribbit
  7838 | D:8      | Reached skill level 11 in Maces & Flails
  8387 | D:9      | Paralysed by a hornet for 1 turns
  8393 | D:9      | Paralysed by a hornet for 1 turns
  8822 | D:10     | Entered Level 10 of the Dungeon
  8913 | D:10     | Found a staircase to the Orcish Mines.
  9162 | D:10     | Reached **** piety under the Shining One
  9178 | D:10     | Reached XP level 11. HP: 78/97 MP: 10/10
  9425 | D:11     | Found a frozen archway.
  9443 | D:11     | Reached skill level 12 in Maces & Flails
  9495 | IceCv    | Entered an ice cave
 10063 | IceCv    | Noticed RepHenryClay's ghost (journeyman DDMo)
 10121 | IceCv    | Killed RepHenryClay's ghost
 10320 | IceCv    | Reached skill level 10 in Fighting
 10320 | IceCv    | Reached skill level 10 in Armour
 10328 | IceCv    | Reached skill level 13 in Maces & Flails
 10328 | IceCv    | Reached skill level 10 in Shields
 10422 | IceCv    | Noticed a frost giant
 10447 | IceCv    | Killed a frost giant
 10447 | IceCv    | Reached skill level 1 in Invocations
 10447 | IceCv    | Reached XP level 12. HP: 46/106 MP: 3/11
 11615 | D:11     | Reached skill level 14 in Maces & Flails
 11869 | D:12     | Reached ***** piety under the Shining One
 12354 | D:12     | Reached skill level 5 in Invocations
 12566 | D:12     | Noticed an eight-headed hydra
 12586 | D:12     | Killed an eight-headed hydra
 12622 | D:12     | Reached XP level 13. HP: 116/116 MP: 15/15
 12850 | D:12     | Noticed a fire dragon
 12881 | D:12     | Killed a fire dragon
 12881 | D:12     | Reached skill level 10 in Dodging
 13041 | D:12     | Got a glittering copper ring
 13048 | D:12     | Identified the ring of the Will of the Gods {Int-4 Dex+4 Stlth+} (You found it on level 12 of the Dungeon)
 13138 | D:12     | Reached skill level 15 in Maces & Flails
 13541 | D:13     | Found a gate to the Vaults.
 13619 | D:12     | Mangled by a hill giant

Skill      XL: |  1  2  3  4  5  6  7  8  9 10 11 12 13 |
---------------+----------------------------------------+-----
Dodging        | 1 2 3 4 5 6 7 8 9 10 | 10.2
Maces & Flails | 3 4 5 6 8 10 11 13 14 15 | 15.2
Shields        | 4 5 6 8 9 10 11 | 11.5
Armour         | 4 5 6 8 9 10 11 | 11.3
Fighting       | 4 5 6 7 9 10 11 | 11.5
Invocations    | 1 5 6 |  6.7

Action                   |  1- 3 |  4- 6 |  7- 9 | 10-12 | 13-15 || total
-------------------------+-------+-------+-------+-------+-------++-------
Melee: Flail             |    79 |   172 |   366 |   825 |   206 ||  1648
       Headbutt          |     9 |    28 |    82 |   286 |    90 ||   495
Throw: Tomahawk          |       |       |     4 |     3 |       ||     7
Invok: Divine Shield     |       |       |       |     1 |       ||     1
       Cleansing Flame   |       |       |       |     1 |       ||     1
 Abil: Evoke Flight      |       |       |     3 |     1 |       ||     4
  Use: Scroll            |       |       |    16 |     5 |     3 ||    24
       Potion            |       |       |       |     4 |     2 ||     6
  Eat: Chunk             |       |     5 |     9 |    19 |     3 ||    36
       Pizza             |       |       |     1 |       |       ||     1
       Beef jerky        |       |       |     4 |       |       ||     4
Armor: Scale mail        |    49 |    50 |   105 |       |       ||   204
       Plate armour      |       |       |     5 |   228 |    49 ||   282
Dodge: Dodged            |    40 |    37 |   149 |   213 |    51 ||   490
Block: Shield            |    51 |    94 |   205 |   468 |   104 ||   922
